Map: Central Protocol

Players

speaknow (ByuN) - Winner!

  • Race: Terran Terran
  • League: Platinum

kel

  • Race: Zerg Zerg

Event: Gauntlet LotV Series 1 Qualifier 1

VOD

Have the link to the VOD?

Description

Time

  • Played on: Nov. 22, 2015, 4:33 p.m.
  • Length: 5:35

All games in this series

Show
View Real Time Build Order
Export as new Build Order

speaknow Terran - Winner!

Build Orders: Liberator Opening, Reaper Expand 

Get SALT Encoding   

  12  0:00  SCV  
  13  0:13  SCV  
  14  0:17  Supply Depot  
  14  0:25  SCV  
  15  0:39  SCV  
  15  0:40  Barracks  
  16  0:44  Refinery  
  16  0:51  SCV  
  17  1:03  SCV  
  18  1:15  SCV  
  19  1:27  Reaper, Orbital Command  
  20  1:41  Command Center  
  20  1:54  SCV  
  21  1:57  Supply Depot  
  21  1:59  Marine  
  22  2:06  Factory  
  22  2:09  SCV  
  22  2:15  Refinery  
  23  2:21  Barracks Reactor, SCV  
  24  2:33  SCV  
  25  2:45  SCV  
  26  2:53  Starport  
  26  2:54  Orbital Command  
  26  2:57  SCV  
  27  3:03  Hellion x2  
  31  3:08  Marine  
  31  3:10  SCV  
  33  3:20  Armory  
  33  3:23  SCV  
  33  3:24  SCV  
  33  3:25  Supply Depot  
  35  3:29  Hellion  
  35  3:30  Marine  
  38  3:35  Medivac  
  38  3:38  SCV x2  
  42  3:46  Supply Depot  
  42  3:47  Marine  
  43  3:53  Hellion x2, Liberator  
  48  3:56  SCV x2  
  49  4:03  Supply Depot  
  49  4:08  SCV x2, Barracks Tech Lab  
  51  4:14  Hellion  
  56  4:17  Hellion  
  56  4:20  SCV x2  
  60  4:27  Supply Depot  
  60  4:36  Bunker  
  60  4:39  SCV x2  
  62  4:46  Marine x2  
  62  4:50  Siege Tank  
  62  4:51  SCV  
  62  4:52  SCV  
  69  5:03  Marine  
  69  5:04  Marine  
  69  5:06  Supply Depot  
  65  5:20  SCV x2, Refinery  
  62  5:31  Refinery  
  62  5:33  Barracks  
  62  5:34  Barracks  
Show
View Real Time Build Order
Export as new Build Order

kel Zerg 

Build Orders: Hatch First 

Get SALT Encoding   

  12  0:01  Drone  
  13  0:13  Overlord  
  13  0:18  Drone  
  14  0:22  Extractor  
  14  0:24  Drone  
  15  0:35  Drone  
  16  0:38  Drone  
  17  0:55  Hatchery  
  16  0:59  Drone  
  16  1:03  Extractor  
  16  1:07  Drone  
  17  1:16  Spawning Pool  
  16  1:20  Drone  
  17  1:26  Drone  
  17  1:30  Drone  
  19  1:45  Overlord  
  19  1:55  Drone  
  20  2:03  Queen  
  20  2:04  Metabolic Boost  
  20  2:06  Zergling x2  
  23  2:08  Queen  
  23  2:11  Zergling x2  
  26  2:17  Drone  
  27  2:24  Drone x2  
  27  2:29  Drone  
  29  2:39  Zergling x2  
  30  2:46  Zergling x2  
  30  2:53  Zergling x2  
  30  2:54  Drone  
  32  3:05  Drone x2  
  34  3:08  Extractor  
  34  3:09  Roach Warren  
  32  3:32  Drone x2  
  32  3:33  Drone, Overlord x2  
  32  3:34  Overlord  
  35  3:54  Roach  
  35  3:55  Roach x7  
  51  3:58  Overlord  
  51  4:05  Roach  
  53  4:20  Zergling x8  
  53  4:21  Zergling x2  
  57  4:42  Zergling x2  
  57  4:43  Zergling x12  
  64  4:50  Ravager x3  
  64  4:51  Overlord  
  66  5:02  Ravager  
  66  5:03  Ravager  
Tags
 
Add a new tag
Caveats
  • Supply blocks, unpowered buildings, or Contaminate may cause inaccurate times.
  • Supply counts are checked every 10 seconds.